Map: 이터널 엠파이어 - 래더

Players

INnoVation - Winner!

  • Race: Terran Terran
  • Spawn Location: 7:00

AgoElazer (Elazer)

  • Race: Zerg Zerg
  • Spawn Location: 1:00

Event: StayAtHomestory Cup #1

VOD

Have the link to the VOD?

Description

Time

  • Played on: April 11, 2020, 4:17 p.m.
  • Length: 5:37

All games in this series

Show
View Real Time Build Order
Export as new Build Order

INnoVation Terran - Winner!

Build Orders: Reaper Expand 

Get SALT Encoding   

  12  0:00  SCV  
  13  0:12  SCV  
  14  0:17  Supply Depot  
  14  0:25  SCV  
  15  0:39  SCV  
  15  0:41  Barracks  
  16  0:43  Refinery  
  16  0:51  SCV  
  17  1:03  SCV  
  18  1:15  SCV  
  19  1:28  Orbital Command, Reaper  
  20  1:39  Command Center  
  20  1:50  Supply Depot  
  20  1:54  SCV  
  20  1:59  Marine  
  22  2:06  SCV  
  23  2:10  Factory  
  23  2:16  Bunker  
  23  2:17  Marine  
  23  2:20  SCV  
  25  2:33  SCV  
  25  2:35  Marine  
  26  2:44  Supply Depot  
  26  2:45  Refinery  
  26  2:46  SCV  
  26  2:52  Command Center  
  26  2:54  Factory Tech Lab  
  26  2:56  Marine  
  26  2:58  Supply Depot  
  27  3:00  SCV  
  28  3:19  Cyclone  
  31  3:24  Supply Depot  
  31  3:39  Starport  
  31  3:46  Marine, SCV  
  33  3:51  Cyclone  
  36  4:04  Marine  
  37  4:12  Orbital Command  
  37  4:17  Starport Tech Lab  
  37  4:26  Cyclone  
  40  4:32  SCV  
  41  4:39  Banshee  
  44  4:46  SCV x2  
  46  4:55  Supply Depot  
  46  5:00  SCV  
  46  5:01  SCV  
  46  5:04  Marine  
  49  5:09  Supply Depot  
Show
View Real Time Build Order
Export as new Build Order

AgoElazer Zerg 

Build Orders: Hatch First, Ravager All-In 

Get SALT Encoding   

  12  0:01  Drone  
  13  0:39  Hatchery  
  12  0:49  Spawning Pool  
  11  0:54  Drone  
  12  0:58  Drone  
  12  1:03  Drone  
  14  1:08  Extractor  
  14  1:10  Drone  
  14  1:19  Extractor  
  14  1:20  Drone  
  14  1:36  Drone, Roach Warren  
  14  1:44  Overlord  
  14  1:51  Drone  
  15  2:16  Roach x3  
  21  2:27  Roach  
  23  2:43  Roach  
  25  2:45  Ravager  
  25  2:47  Ravager  
  25  2:50  Ravager  
  28  2:52  Overlord  
  28  3:11  Ravager  
  31  3:13  Roach x2  
  33  3:22  Roach  
  36  3:35  Overlord  
  35  3:50  Ravager  
  35  3:53  Metabolic Boost  
  36  3:58  Zergling x2  
  36  3:59  Zergling x2  
  38  4:04  Ravager  
  39  4:12  Roach  
  41  4:23  Overlord  
  41  4:27  Ravager  
  42  4:36  Roach  
  44  4:46  Zergling x4  
  44  4:49  Zergling x2  
  47  4:58  Zergling x2  
  48  5:05  Zergling x2  
  48  5:06  Zergling x2  
  50  5:10  Ravager  
  50  5:13  Ravager  
Tags
 
Add a new tag
Caveats
  • Supply blocks, unpowered buildings, or Contaminate may cause inaccurate times.
  • Supply counts are checked every 10 seconds.